Connexion

MONTREAL Canadiens vs CAROLINA Hurricanes

Created - 8 janvier 2024 at 05:47

Goals
1 2 3 T
MONTREAL Canadiens 0 1 1 2
CAROLINA Hurricanes 0 1 2 3
Shots
1 2 3 T
MONTREAL Canadiens 12 9 9 30
CAROLINA Hurricanes 10 8 12 30

GoalsPenalties
1st period
No Goal
Boone Jenner (MTL) for High sticking (Minor) at 8:01
Boone Jenner (MTL) for Tripping (Minor) at 18:15
2nd period
1. CAROLINA Hurricanes , Brandon Sutter 18 (Owen Power 37, Pontus Aberg 23) at 3:03
2. MONTREAL Canadiens , Kyle Capobianco 2 (Brock Boeser 18, Isac Lundestrom 12) at 18:42
No Penalty
3rd period
3. MONTREAL Canadiens , Patrick Kane 12 (Kailer Yamamoto 21, Jake Guentzel 20) at 8:46
4. CAROLINA Hurricanes , Esa Lindell 4 (Marcus Johansson 19, Wayne Simmonds 25) at 11:44 (PP)
5. CAROLINA Hurricanes , James van Riemsdyk 17 (Brett Pesce 28, Ryan Ellis 26) at 13:47
Ryan Ellis (CAR) for Slashing (Minor) at 0:21
Kyle Capobianco (MTL) for Hooking (Minor) at 2:25
Justin Faulk (MTL) for Holding Stick (Minor) at 10:45
Brock Boeser (MTL) for Roughing (Minor) at 14:25
Goalie Stats
Kevin Lankinen (MTL), 27 saves from 30 shots - (0,900), L, 21-12-3, 60:00 minutes
Ilya Samsonov (CAR), 28 saves from 30 shots - (0,933), W, 27-19-0, 60:00 minutes
3 StarsOfficial
1 - Brandon Sutter (CAR)
2 - James van Riemsdyk (CAR)
3 - Pontus Aberg (CAR)
Referees : Kevin Pollock and Dave Jackson
Linesman : Dan Schachte and Jonny Murray
Game Note
No Game Note
Finance
Level 1 -- Attendance: 6000 (100,00%) -- Ticket Income $720,000
Level 2 -- Attendance: 5680 (100,00%) -- Ticket Income $397,600
Level 3 -- Attendance: 2000 (100,00%) -- Ticket Income $90,000
Level 4 -- Attendance: 3573 (89,33%) -- Ticket Income $142,920
Luxury Box -- Attendance: 1000 (100,00%) -- Ticket Income $210,000
Game was played at the RBC Center.
Total Attendance: 18253 (97,71%)
Total Ticket Income: $1,560,520
Other Income: $312,104
Total Income: $1,872,624



Team Name Goals Shots Shots Attemp Shots Blocked PIM HIT PP PK FO%
MONTREAL Canadiens 230541610180 / 1 (0%)152%
CAROLINA Hurricanes 3307142231 / 5 (20%)048%

MONTREAL Canadiens
Player Name POS G A P +/- PIM HIT SHT SB MP PP MP PP SHT PK MP PK SHT FO% FOT
Boone JennerC/LW000-1450022:171:0003:15064% 28
Brett HowdenC/LW000-100105:580:0000:0200% 0
Brock BoeserRW0111205010:190:0000:0000% 0
Cam AtkinsonLW/RW000-1006021:061:0012:0200% 5
Dakota MermisD0001010520:190:5904:2500% 0
Gabriel VilardiC/RW0001020012:490:0002:29053% 19
Isac LundestromC/LW0111001011:380:0001:18033% 3
Jake GuentzelC/LW/RW0111022015:450:5900:0000% 1
Joe VelenoC000-101007:050:0001:09056% 9
Joel EdmundsonD0001030420:170:5904:2300% 0
Justin FaulkD000-1220124:141:0003:4500% 0
Kailer YamamotoC/LW/RW0111013115:450:5900:000100% 1
Kyle CapobiancoD1010202214:430:0000:0300% 0
Matthew BenningD0000012115:440:0001:0300% 0
Patrick KaneC/RW1011005118:240:5902:39050% 14
Phil KesselC/RW000-100005:560:0000:0000% 0
Tyler SeguinC/RW000-1003024:001:0004:56033% 3
Tyson BarrieD000-1000124:411:0004:1100% 0
CAROLINA Hurricanes
Player Name POS G A P +/- PIM HIT SHT SB MP PP MP PP SHT PK MP PK SHT FO% FOT
Alexandre TexierC/LW0000000010:200:0000:0000% 0
Blake LizotteC000000000:540:0000:0000% 0
Blake WheelerLW/RW000-1002012:080:0000:16067% 3
Brandon SutterC/RW1012016021:544:2310:00045% 29
Brett PesceD0110025126:324:3810:5300% 0
Cam YorkD000-1000013:410:0000:5300% 0
Connor DewarC0000030010:200:0000:00050% 12
Curtis LazarC/LW/RW000-1031011:520:0000:00046% 13
Esa LindellD1011003020:404:1731:0600% 0
Jack HughesC000-2003026:014:3211:08050% 20
James van RiemsdykLW/RW1012011022:454:2300:51050% 2
KAndre MillerD000-1030212:480:0000:0000% 0
Marcus JohanssonC/LW/RW011-1003025:074:3220:5200% 1
Miles WoodLW000000000:000:0000:0000% 0
Owen PowerD0111022020:404:1701:0600% 0
Pontus AbergLW/RW0112042021:544:2310:00050% 2
Ryan EllisD0110220125:384:3800:0000% 0
Wayne SimmondsLW/RW011-1022014:464:3210:510100% 1



Play-by-Play

1st period


0:01 of 1st period - Jack Hughes wins face-off versus Cam Atkinson in neutral zone.
0:22 of 1st period - Shot by Tyler Seguin.
0:22 of 1st period - Shot Misses the Net.
1:08 of 1st period - Shot by Patrick Kane.
1:08 of 1st period - Shot Misses the Net.
1:10 of 1st period - Shot by Joel Edmundson.
1:10 of 1st period - Shot Hit the Post.
1:12 of 1st period - Shot by Jake Guentzel.
1:12 of 1st period - Stopped by Ilya Samsonov with a rebound.
1:14 of 1st period - Shot by Kailer Yamamoto.
1:14 of 1st period - Stopped by Ilya Samsonov without a rebound.
1:15 of 1st period - Isac Lundestrom wins face-off versus Curtis Lazar in CAROLINA Hurricanes zone.
1:32 of 1st period - Shot by Brock Boeser.
1:32 of 1st period - Stopped by Ilya Samsonov with a rebound.
1:39 of 1st period - Gabriel Vilardi is hit by KAndre Miller and loses puck.
1:52 of 1st period - Shot by Gabriel Vilardi.
1:52 of 1st period - Shot Misses the Net.
1:54 of 1st period - Shot by Brock Boeser.
1:54 of 1st period - Shot Misses the Net.
1:58 of 1st period - Shot by Brock Boeser.
1:58 of 1st period - Stopped by Ilya Samsonov with a rebound.
2:08 of 1st period - Shot by Patrick Kane.
2:08 of 1st period - Shot Misses the Net.
2:14 of 1st period - Shot by Kailer Yamamoto.
2:14 of 1st period - Stopped by Ilya Samsonov without a rebound.
2:15 of 1st period - Brandon Sutter wins face-off versus Joe Veleno in CAROLINA Hurricanes zone.
2:34 of 1st period - Shot by Brandon Sutter.
2:34 of 1st period - Shot Misses the Net.
3:24 of 1st period - Justin Faulk is hit by Pontus Aberg and loses puck.
3:47 of 1st period - Shot by Patrick Kane.
3:47 of 1st period - Shot Misses the Net.
4:45 of 1st period - Shot by Alexandre Texier.
4:45 of 1st period - Shot Misses the Net.
4:47 of 1st period - Shot by Ryan Ellis.
4:47 of 1st period - Shot Misses the Net.
4:49 of 1st period - Shot by Brett Pesce.
4:49 of 1st period - Stopped by Kevin Lankinen without a rebound.
4:50 of 1st period - Curtis Lazar wins face-off versus Gabriel Vilardi in MONTREAL Canadiens zone.
5:09 of 1st period - Shot by Cam York.
5:09 of 1st period - Shot Blocked by Dakota Mermis.
5:47 of 1st period - Shot by Jake Guentzel.
5:47 of 1st period - Shot Blocked by KAndre Miller.
5:49 of 1st period - Shot by Tyson Barrie.
5:49 of 1st period - Shot Misses the Net.
5:53 of 1st period - Shot by Kailer Yamamoto.
5:53 of 1st period - Stopped by Ilya Samsonov without a rebound.
5:54 of 1st period - Joe Veleno wins face-off versus Connor Dewar in CAROLINA Hurricanes zone.
5:54 of 1st period - Tyson Barrie is hit by Ryan Ellis and loses puck.
6:35 of 1st period - Icing by Ryan Ellis.
6:36 of 1st period - Boone Jenner wins face-off versus Connor Dewar in CAROLINA Hurricanes zone.
7:01 of 1st period - Shot by Tyler Seguin.
7:01 of 1st period - Stopped by Ilya Samsonov with a rebound.
7:03 of 1st period - Shot by Cam Atkinson.
7:03 of 1st period - Shot Misses the Net.
7:05 of 1st period - Shot by Kyle Capobianco.
7:05 of 1st period - Stopped by Ilya Samsonov with a rebound.
7:07 of 1st period - Shot by Matthew Benning.
7:07 of 1st period - Stopped by Ilya Samsonov without a rebound.
7:08 of 1st period - Kailer Yamamoto wins face-off versus Curtis Lazar in CAROLINA Hurricanes zone.
7:16 of 1st period - Icing by KAndre Miller.
7:17 of 1st period - Curtis Lazar wins face-off versus Patrick Kane in CAROLINA Hurricanes zone.
7:40 of 1st period - Shot by Kailer Yamamoto.
7:40 of 1st period - Deflect By Patrick Kane.
7:40 of 1st period - Stopped by Ilya Samsonov without a rebound.
7:41 of 1st period - Boone Jenner wins face-off versus Brandon Sutter in CAROLINA Hurricanes zone.
8:01 of 1st period - Minor Penalty to Boone Jenner for High sticking.
8:02 of 1st period - Gabriel Vilardi wins face-off versus Jack Hughes in MONTREAL Canadiens zone.
8:08 of 1st period - Icing by Wayne Simmonds.
8:09 of 1st period - Jack Hughes wins face-off versus Gabriel Vilardi in CAROLINA Hurricanes zone.
8:26 of 1st period - Shot by Esa Lindell.
8:26 of 1st period - Stopped by Kevin Lankinen without a rebound.
8:27 of 1st period - Gabriel Vilardi wins face-off versus Brandon Sutter in MONTREAL Canadiens zone.
8:50 of 1st period - Shot by Pontus Aberg.
8:50 of 1st period - Stopped by Kevin Lankinen without a rebound.
8:51 of 1st period - Joe Veleno wins face-off versus Jack Hughes in MONTREAL Canadiens zone.
8:51 of 1st period - Joe Veleno is hit by Wayne Simmonds.
9:17 of 1st period - Shot by Jack Hughes.
9:17 of 1st period - Shot Blocked by Joel Edmundson.
9:27 of 1st period - Shot by Wayne Simmonds.
9:27 of 1st period - Stopped by Kevin Lankinen without a rebound.
9:28 of 1st period - Pontus Aberg wins face-off versus Cam Atkinson in MONTREAL Canadiens zone.
10:05 of 1st period - Shot by Curtis Lazar.
10:05 of 1st period - Shot Blocked by Patrick Kane.
10:07 of 1st period - Shot by Cam York.
10:07 of 1st period - Shot Blocked by Matthew Benning.
10:37 of 1st period - Jake Guentzel is hit by KAndre Miller and loses puck.
11:26 of 1st period - Shot by Marcus Johansson.
11:26 of 1st period - Shot Blocked by Dakota Mermis.
11:42 of 1st period - Isac Lundestrom is hit by Connor Dewar and loses puck.
12:05 of 1st period - Shot by Brett Pesce.
12:05 of 1st period - Stopped by Kevin Lankinen without a rebound.
12:06 of 1st period - Boone Jenner wins face-off versus Curtis Lazar in MONTREAL Canadiens zone.
12:15 of 1st period - Shot by Boone Jenner.
12:15 of 1st period - Deflect By Tyler Seguin.
12:15 of 1st period - Shot Misses the Net.
12:18 of 1st period - Icing by Brett Pesce.
12:19 of 1st period - Joe Veleno wins face-off versus Jack Hughes in CAROLINA Hurricanes zone.
12:25 of 1st period - Phil Kessel is hit by Brett Pesce.
12:28 of 1st period - Icing by Brett Pesce.
12:29 of 1st period - Boone Jenner wins face-off versus Blake Wheeler in CAROLINA Hurricanes zone.
12:30 of 1st period - Shot by Cam Atkinson.
12:30 of 1st period - Shot Misses the Net.
12:40 of 1st period - Blake Wheeler is hit by Boone Jenner and loses puck.
13:32 of 1st period - Icing by Tyson Barrie.
13:33 of 1st period - Boone Jenner wins face-off versus Brandon Sutter in MONTREAL Canadiens zone.
14:16 of 1st period - Shot by Brandon Sutter.
14:16 of 1st period - Stopped by Kevin Lankinen without a rebound.
14:17 of 1st period - Gabriel Vilardi wins face-off versus Marcus Johansson in MONTREAL Canadiens zone.
14:32 of 1st period - Shot by Isac Lundestrom.
14:32 of 1st period - Stopped by Ilya Samsonov without a rebound.
14:33 of 1st period - Jack Hughes wins face-off versus Joe Veleno in CAROLINA Hurricanes zone.
14:33 of 1st period - Jack Hughes is hit by Joe Veleno.
15:09 of 1st period - Shot by Wayne Simmonds.
15:09 of 1st period - Shot Misses the Net.
15:11 of 1st period - Shot by Jack Hughes.
15:11 of 1st period - Deflect By Wayne Simmonds.
15:11 of 1st period - Stopped by Kevin Lankinen without a rebound.
15:12 of 1st period - Brandon Sutter wins face-off versus Boone Jenner in MONTREAL Canadiens zone.
15:29 of 1st period - Shot by Pontus Aberg.
15:29 of 1st period - Shot Blocked by Justin Faulk.
15:31 of 1st period - Shot by Owen Power.
15:31 of 1st period - Stopped by Kevin Lankinen without a rebound.
15:32 of 1st period - Patrick Kane wins face-off versus Connor Dewar in MONTREAL Canadiens zone.
16:13 of 1st period - Shot by Patrick Kane.
16:13 of 1st period - Stopped by Ilya Samsonov without a rebound.
16:14 of 1st period - Brandon Sutter wins face-off versus Boone Jenner in CAROLINA Hurricanes zone.
16:14 of 1st period - Brandon Sutter is hit by Boone Jenner.
16:43 of 1st period - Brandon Sutter is hit by Justin Faulk and loses puck.
17:29 of 1st period - Shot by Jack Hughes.
17:29 of 1st period - Deflect By Curtis Lazar.
17:29 of 1st period - Shot Misses the Net.
17:31 of 1st period - Shot by Owen Power.
17:31 of 1st period - Stopped by Kevin Lankinen with a rebound.
18:06 of 1st period - Shot by Connor Dewar.
18:06 of 1st period - Shot Misses the Net.
18:15 of 1st period - Minor Penalty to Boone Jenner for Tripping.
18:16 of 1st period - Gabriel Vilardi wins face-off versus Brandon Sutter in MONTREAL Canadiens zone.
18:24 of 1st period - Ryan Ellis is hit by Joel Edmundson and loses puck.
18:35 of 1st period - Shot by Pontus Aberg.
18:35 of 1st period - Shot Misses the Net.
19:35 of 1st period - Icing by Wayne Simmonds.
19:36 of 1st period - Jack Hughes wins face-off versus Isac Lundestrom in CAROLINA Hurricanes zone.
19:49 of 1st period - Shot by Jack Hughes.
19:49 of 1st period - Shot Misses the Net.
19:51 of 1st period - Shot by Esa Lindell.
19:51 of 1st period - Shot Misses the Net.
19:53 of 1st period - Shot by Esa Lindell.
19:53 of 1st period - Stopped by Kevin Lankinen without a rebound.
19:54 of 1st period - Gabriel Vilardi wins face-off versus James van Riemsdyk in MONTREAL Canadiens zone.
Goals for this period are 0 for MONTREAL Canadiens vs 0 for CAROLINA Hurricanes .
Shots for this period are 12 for MONTREAL Canadiens vs 10 for CAROLINA Hurricanes .

2nd period


0:01 of 2nd period - Gabriel Vilardi wins face-off versus Jack Hughes in neutral zone.
0:01 of 2nd period - Tyson Barrie is hit by Wayne Simmonds.
0:42 of 2nd period - Shot by Pontus Aberg.
0:42 of 2nd period - Deflect By James van Riemsdyk.
0:42 of 2nd period - Shot Misses the Net.
1:28 of 2nd period - Brett Pesce is hit by Jake Guentzel and loses puck.
1:39 of 2nd period - Shot by Jake Guentzel.
1:39 of 2nd period - Shot Misses the Net.
1:41 of 2nd period - Shot by Justin Faulk.
1:41 of 2nd period - Shot Blocked by Ryan Ellis.
2:15 of 2nd period - Shot by Dakota Mermis.
2:15 of 2nd period - Deflect By Tyler Seguin.
2:15 of 2nd period - Shot Misses the Net.
2:25 of 2nd period - Shot by Cam Atkinson.
2:25 of 2nd period - Stopped by Ilya Samsonov without a rebound.
2:26 of 2nd period - Brandon Sutter wins face-off versus Gabriel Vilardi in CAROLINA Hurricanes zone.
2:35 of 2nd period - Shot by Brock Boeser.
2:35 of 2nd period - Stopped by Ilya Samsonov without a rebound.
2:36 of 2nd period - Brandon Sutter wins face-off versus Boone Jenner in CAROLINA Hurricanes zone.
3:03 of 2nd period - Shot by Brandon Sutter.
3:03 of 2nd period - Goal by Brandon Sutter - MONTREAL Canadiens : 0 - CAROLINA Hurricanes : 1.
3:04 of 2nd period - Blake Wheeler wins face-off versus Patrick Kane in neutral zone.
3:18 of 2nd period - Jake Guentzel is hit by Curtis Lazar and loses puck.
3:57 of 2nd period - Tyson Barrie is hit by Curtis Lazar and loses puck.
4:05 of 2nd period - Icing by Tyson Barrie.
4:06 of 2nd period - Brandon Sutter wins face-off versus Patrick Kane in MONTREAL Canadiens zone.
4:11 of 2nd period - Shot by Brett Pesce.
4:11 of 2nd period - Shot Misses the Net.
4:13 of 2nd period - Shot by Brandon Sutter.
4:13 of 2nd period - Stopped by Kevin Lankinen without a rebound.
4:14 of 2nd period - Brandon Sutter wins face-off versus Boone Jenner in MONTREAL Canadiens zone.
4:48 of 2nd period - Shot by Tyler Seguin.
4:48 of 2nd period - Stopped by Ilya Samsonov without a rebound.
4:49 of 2nd period - Connor Dewar wins face-off versus Gabriel Vilardi in CAROLINA Hurricanes zone.
4:51 of 2nd period - Icing by Owen Power.
4:52 of 2nd period - Connor Dewar wins face-off versus Isac Lundestrom in CAROLINA Hurricanes zone.
5:04 of 2nd period - Icing by Matthew Benning.
5:05 of 2nd period - James van Riemsdyk wins face-off versus Gabriel Vilardi in MONTREAL Canadiens zone.
5:10 of 2nd period - Shot by James van Riemsdyk.
5:10 of 2nd period - Shot Misses the Net.
5:12 of 2nd period - Shot by Pontus Aberg.
5:12 of 2nd period - Shot Misses the Net.
5:14 of 2nd period - Shot by Brandon Sutter.
5:14 of 2nd period - Stopped by Kevin Lankinen without a rebound.
5:15 of 2nd period - Jack Hughes wins face-off versus Boone Jenner in MONTREAL Canadiens zone.
5:16 of 2nd period - Shot by Wayne Simmonds.
5:16 of 2nd period - Shot Misses the Net.
5:26 of 2nd period - Shot by Jack Hughes.
5:26 of 2nd period - Stopped by Kevin Lankinen with a rebound.
6:12 of 2nd period - Icing by Boone Jenner.
6:13 of 2nd period - Boone Jenner wins face-off versus Pontus Aberg in MONTREAL Canadiens zone.
6:13 of 2nd period - Boone Jenner is hit by Pontus Aberg.
6:36 of 2nd period - Icing by Tyson Barrie.
6:37 of 2nd period - Curtis Lazar wins face-off versus Boone Jenner in MONTREAL Canadiens zone.
7:03 of 2nd period - Cam York is hit by Justin Faulk and loses puck.
7:10 of 2nd period - Shot by Jack Hughes.
7:10 of 2nd period - Shot Blocked by Tyson Barrie.
8:21 of 2nd period - Off-side.
8:22 of 2nd period - Gabriel Vilardi wins face-off versus Connor Dewar in neutral zone.
8:27 of 2nd period - Shot by Brock Boeser.
8:27 of 2nd period - Shot Misses the Net.
8:58 of 2nd period - Shot by Marcus Johansson.
8:58 of 2nd period - Stopped by Kevin Lankinen without a rebound.
8:59 of 2nd period - Curtis Lazar wins face-off versus Joe Veleno in MONTREAL Canadiens zone.
9:05 of 2nd period - Icing by Dakota Mermis.
9:06 of 2nd period - Joe Veleno wins face-off versus Brandon Sutter in MONTREAL Canadiens zone.
9:06 of 2nd period - Dakota Mermis is hit by Pontus Aberg.
9:10 of 2nd period - Shot by Brandon Sutter.
9:10 of 2nd period - Stopped by Kevin Lankinen without a rebound.
9:11 of 2nd period - Jack Hughes wins face-off versus Patrick Kane in MONTREAL Canadiens zone.
9:22 of 2nd period - Wayne Simmonds is hit by Kailer Yamamoto.
10:27 of 2nd period - Shot by Pontus Aberg.
10:27 of 2nd period - Shot Blocked by Kyle Capobianco.
10:39 of 2nd period - Brandon Sutter is hit by Gabriel Vilardi and loses puck.
10:47 of 2nd period - Icing by Brandon Sutter.
10:48 of 2nd period - Boone Jenner wins face-off versus Brandon Sutter in CAROLINA Hurricanes zone.
10:48 of 2nd period - Boone Jenner is hit by Owen Power.
10:53 of 2nd period - Icing by Owen Power.
10:54 of 2nd period - Boone Jenner wins face-off versus Brandon Sutter in CAROLINA Hurricanes zone.
10:54 of 2nd period - Boone Jenner is hit by Owen Power.
11:08 of 2nd period - Shot by Cam Atkinson.
11:08 of 2nd period - Stopped by Ilya Samsonov with a rebound.
11:53 of 2nd period - Brett Pesce is hit by Boone Jenner and loses puck.
12:13 of 2nd period - Icing by Dakota Mermis.
12:14 of 2nd period - Patrick Kane wins face-off versus Curtis Lazar in MONTREAL Canadiens zone.
12:25 of 2nd period - Shot by Jake Guentzel.
12:25 of 2nd period - Stopped by Ilya Samsonov without a rebound.
12:26 of 2nd period - Connor Dewar wins face-off versus Gabriel Vilardi in CAROLINA Hurricanes zone.
12:26 of 2nd period - Connor Dewar is hit by Gabriel Vilardi.
12:32 of 2nd period - Shot by Gabriel Vilardi.
12:32 of 2nd period - Shot Misses the Net.
12:34 of 2nd period - Shot by Brock Boeser.
12:34 of 2nd period - Shot Misses the Net.
13:10 of 2nd period - Shot by Brock Boeser.
13:10 of 2nd period - Stopped by Ilya Samsonov with a rebound.
13:19 of 2nd period - Ryan Ellis is hit by Jake Guentzel.
13:33 of 2nd period - Off-side.
13:34 of 2nd period - Brandon Sutter wins face-off versus Tyler Seguin in neutral zone.
14:42 of 2nd period - Kailer Yamamoto is hit by Curtis Lazar and loses puck.
15:09 of 2nd period - Shot by Curtis Lazar.
15:09 of 2nd period - Stopped by Kevin Lankinen without a rebound.
15:10 of 2nd period - Gabriel Vilardi wins face-off versus Connor Dewar in MONTREAL Canadiens zone.
15:29 of 2nd period - Matthew Benning is hit by Connor Dewar and loses puck.
15:50 of 2nd period - Shot by Connor Dewar.
15:50 of 2nd period - Shot Blocked by Kyle Capobianco.
16:18 of 2nd period - Curtis Lazar is hit by Boone Jenner and loses puck.
16:29 of 2nd period - Shot by Jack Hughes.
16:29 of 2nd period - Shot Misses the Net.
16:31 of 2nd period - Shot by Blake Wheeler.
16:31 of 2nd period - Stopped by Kevin Lankinen without a rebound.
16:32 of 2nd period - Patrick Kane wins face-off versus Brandon Sutter in MONTREAL Canadiens zone.
16:42 of 2nd period - Shot by Patrick Kane.
16:42 of 2nd period - Stopped by Ilya Samsonov without a rebound.
16:43 of 2nd period - Joe Veleno wins face-off versus Curtis Lazar in CAROLINA Hurricanes zone.
16:50 of 2nd period - Shot by Brett Howden.
16:50 of 2nd period - Deflect By Joe Veleno.
16:50 of 2nd period - Shot Misses the Net.
16:54 of 2nd period - Shot by Dakota Mermis.
16:54 of 2nd period - Shot Blocked by KAndre Miller.
16:56 of 2nd period - Shot by Brett Howden.
16:56 of 2nd period - Stopped by Ilya Samsonov without a rebound.
16:57 of 2nd period - Boone Jenner wins face-off versus Brandon Sutter in CAROLINA Hurricanes zone.
18:15 of 2nd period - Shot by Jake Guentzel.
18:15 of 2nd period - Shot Blocked by Brett Pesce.
18:22 of 2nd period - Off-side.
18:23 of 2nd period - Gabriel Vilardi wins face-off versus Curtis Lazar in neutral zone.
18:42 of 2nd period - Shot by Kyle Capobianco.
18:42 of 2nd period - Goal by Kyle Capobianco - MONTREAL Canadiens : 1 - CAROLINA Hurricanes : 1.
18:43 of 2nd period - Connor Dewar wins face-off versus Patrick Kane in neutral zone.
18:45 of 2nd period - Owen Power is hit by Joel Edmundson and loses puck.
19:29 of 2nd period - Icing by Joel Edmundson.
19:30 of 2nd period - Patrick Kane wins face-off versus Brandon Sutter in MONTREAL Canadiens zone.
19:40 of 2nd period - James van Riemsdyk is hit by Dakota Mermis and loses puck.
19:59 of 2nd period - Jake Guentzel is hit by Brandon Sutter and loses puck.
Goals for this period are 1 for MONTREAL Canadiens vs 1 for CAROLINA Hurricanes .
Shots for this period are 9 for MONTREAL Canadiens vs 8 for CAROLINA Hurricanes .

3rd period


0:01 of 3rd period - Boone Jenner wins face-off versus Jack Hughes in neutral zone.
0:03 of 3rd period - Tyson Barrie is hit by Ryan Ellis and loses puck.
0:21 of 3rd period - Minor Penalty to Ryan Ellis for Slashing.
0:22 of 3rd period - Jack Hughes wins face-off versus Patrick Kane in CAROLINA Hurricanes zone.
1:34 of 3rd period - Shot by Cam Atkinson.
1:34 of 3rd period - Stopped by Ilya Samsonov without a rebound.
1:35 of 3rd period - Boone Jenner wins face-off versus Jack Hughes in CAROLINA Hurricanes zone.
2:25 of 3rd period - Minor Penalty to Kyle Capobianco for Hooking.
2:26 of 3rd period - Brandon Sutter wins face-off versus Boone Jenner in MONTREAL Canadiens zone.
2:45 of 3rd period - Shot by Ryan Ellis.
2:45 of 3rd period - Shot Misses the Net.
2:51 of 3rd period - Shot by Ryan Ellis.
2:51 of 3rd period - Shot Hit the Post.
2:53 of 3rd period - Shot by Ryan Ellis.
2:53 of 3rd period - Shot Misses the Net.
2:55 of 3rd period - Shot by Pontus Aberg.
2:55 of 3rd period - Shot Blocked by Joel Edmundson.
2:57 of 3rd period - Shot by Ryan Ellis.
2:57 of 3rd period - Shot Blocked by Joel Edmundson.
2:59 of 3rd period - Shot by Ryan Ellis.
2:59 of 3rd period - Shot Misses the Net.
3:24 of 3rd period - Marcus Johansson is hit by Joel Edmundson and loses puck.
3:32 of 3rd period - Icing by Wayne Simmonds.
3:33 of 3rd period - Jack Hughes wins face-off versus Cam Atkinson in CAROLINA Hurricanes zone.
4:02 of 3rd period - Shot by Marcus Johansson.
4:02 of 3rd period - Stopped by Kevin Lankinen without a rebound.
4:03 of 3rd period - Brandon Sutter wins face-off versus Cam Atkinson in MONTREAL Canadiens zone.
4:20 of 3rd period - Shot by Brett Pesce.
4:20 of 3rd period - Stopped by Kevin Lankinen without a rebound.
4:21 of 3rd period - Brandon Sutter wins face-off versus Boone Jenner in MONTREAL Canadiens zone.
4:38 of 3rd period - Icing by Cam York.
4:39 of 3rd period - Connor Dewar wins face-off versus Joe Veleno in CAROLINA Hurricanes zone.
4:45 of 3rd period - KAndre Miller is hit by Matthew Benning and loses puck.
5:32 of 3rd period - Brett Howden is hit by Pontus Aberg and loses puck.
6:25 of 3rd period - Shot by Blake Wheeler.
6:25 of 3rd period - Stopped by Kevin Lankinen without a rebound.
6:26 of 3rd period - Boone Jenner wins face-off versus Jack Hughes in MONTREAL Canadiens zone.
6:41 of 3rd period - Shot by Tyler Seguin.
6:41 of 3rd period - Stopped by Ilya Samsonov without a rebound.
6:42 of 3rd period - Curtis Lazar wins face-off versus Patrick Kane in CAROLINA Hurricanes zone.
6:52 of 3rd period - Off-side.
6:53 of 3rd period - Boone Jenner wins face-off versus Brandon Sutter in neutral zone.
7:00 of 3rd period - Shot by Cam Atkinson.
7:00 of 3rd period - Stopped by Ilya Samsonov without a rebound.
7:01 of 3rd period - Jack Hughes wins face-off versus Cam Atkinson in CAROLINA Hurricanes zone.
7:01 of 3rd period - Jack Hughes is hit by Boone Jenner.
7:24 of 3rd period - Icing by Ryan Ellis.
7:25 of 3rd period - Patrick Kane wins face-off versus Jack Hughes in CAROLINA Hurricanes zone.
7:25 of 3rd period - Dakota Mermis is hit by Brett Pesce and loses puck.
7:36 of 3rd period - Shot by Wayne Simmonds.
7:36 of 3rd period - Shot Blocked by Dakota Mermis.
7:38 of 3rd period - Shot by Ryan Ellis.
7:38 of 3rd period - Shot Blocked by Joel Edmundson.
7:42 of 3rd period - Shot by Jack Hughes.
7:42 of 3rd period - Shot Blocked by Kailer Yamamoto.
7:44 of 3rd period - Shot by Ryan Ellis.
7:44 of 3rd period - Shot Blocked by Dakota Mermis.
7:46 of 3rd period - Shot by Brett Pesce.
7:46 of 3rd period - Stopped by Kevin Lankinen without a rebound.
7:47 of 3rd period - Boone Jenner wins face-off versus Brandon Sutter in MONTREAL Canadiens zone.
7:47 of 3rd period - Boone Jenner is hit by James van Riemsdyk.
8:24 of 3rd period - Shot by Pontus Aberg.
8:24 of 3rd period - Stopped by Kevin Lankinen without a rebound.
8:25 of 3rd period - Patrick Kane wins face-off versus Jack Hughes in MONTREAL Canadiens zone.
8:44 of 3rd period - Shot by Patrick Kane.
8:44 of 3rd period - Shot Misses the Net.
8:46 of 3rd period - Shot by Patrick Kane.
8:46 of 3rd period - Goal by Patrick Kane - MONTREAL Canadiens : 2 - CAROLINA Hurricanes : 1.
8:47 of 3rd period - Blake Wheeler wins face-off versus Gabriel Vilardi in neutral zone.
8:49 of 3rd period - Off-side.
8:50 of 3rd period - Boone Jenner wins face-off versus Brandon Sutter in neutral zone.
9:11 of 3rd period - Icing by Ryan Ellis.
9:12 of 3rd period - Brandon Sutter wins face-off versus Jake Guentzel in CAROLINA Hurricanes zone.
9:58 of 3rd period - Icing by Owen Power.
9:59 of 3rd period - Jack Hughes wins face-off versus Boone Jenner in CAROLINA Hurricanes zone.
10:45 of 3rd period - Minor Penalty to Justin Faulk for Holding Stick.
10:46 of 3rd period - Tyler Seguin wins face-off versus Brandon Sutter in MONTREAL Canadiens zone.
11:42 of 3rd period - Shot by Marcus Johansson.
11:42 of 3rd period - Shot Misses the Net.
11:44 of 3rd period - Shot by Esa Lindell.
11:44 of 3rd period - Goal by Esa Lindell - MONTREAL Canadiens : 2 - CAROLINA Hurricanes : 2.
11:45 of 3rd period - Gabriel Vilardi wins face-off versus Curtis Lazar in neutral zone.
11:52 of 3rd period - Shot by Brock Boeser.
11:52 of 3rd period - Shot Misses the Net.
13:11 of 3rd period - Shot by Jake Guentzel.
13:11 of 3rd period - Shot Misses the Net.
13:13 of 3rd period - Shot by Patrick Kane.
13:13 of 3rd period - Stopped by Ilya Samsonov with a rebound.
13:45 of 3rd period - Shot by James van Riemsdyk.
13:45 of 3rd period - Shot Misses the Net.
13:47 of 3rd period - Shot by James van Riemsdyk.
13:47 of 3rd period - Goal by James van Riemsdyk - MONTREAL Canadiens : 2 - CAROLINA Hurricanes : 3.
13:48 of 3rd period - Connor Dewar wins face-off versus Boone Jenner in neutral zone.
13:55 of 3rd period - Shot by Marcus Johansson.
13:55 of 3rd period - Shot Misses the Net.
14:10 of 3rd period - Shot by Cam Atkinson.
14:10 of 3rd period - Stopped by Ilya Samsonov with a rebound.
14:12 of 3rd period - Shot by Matthew Benning.
14:12 of 3rd period - Stopped by Ilya Samsonov without a rebound.
14:13 of 3rd period - Brandon Sutter wins face-off versus Gabriel Vilardi in CAROLINA Hurricanes zone.
14:25 of 3rd period - Minor Penalty to Brock Boeser for Roughing.
14:26 of 3rd period - Wayne Simmonds wins face-off versus Tyler Seguin in MONTREAL Canadiens zone.
14:53 of 3rd period - Shot by Marcus Johansson.
14:53 of 3rd period - Stopped by Kevin Lankinen without a rebound.
14:54 of 3rd period - Boone Jenner wins face-off versus Brandon Sutter in MONTREAL Canadiens zone.
15:27 of 3rd period - Shot by Brandon Sutter.
15:27 of 3rd period - Stopped by Kevin Lankinen without a rebound.
15:28 of 3rd period - Boone Jenner wins face-off versus Jack Hughes in MONTREAL Canadiens zone.
15:48 of 3rd period - Shot by Owen Power.
15:48 of 3rd period - Shot Blocked by Dakota Mermis.
15:54 of 3rd period - Shot by Jack Hughes.
15:54 of 3rd period - Stopped by Kevin Lankinen with a rebound.
15:56 of 3rd period - Shot by Owen Power.
15:56 of 3rd period - Shot Misses the Net.
16:38 of 3rd period - Shot by Brock Boeser.
16:38 of 3rd period - Stopped by Ilya Samsonov without a rebound.
16:39 of 3rd period - Patrick Kane wins face-off versus Brandon Sutter in CAROLINA Hurricanes zone.
16:52 of 3rd period - Shot by Brett Pesce.
16:52 of 3rd period - Stopped by Kevin Lankinen with a rebound.
17:16 of 3rd period - Shot by Brandon Sutter.
17:16 of 3rd period - Shot Misses the Net.
17:29 of 3rd period - Dakota Mermis is hit by KAndre Miller and loses puck.
17:35 of 3rd period - Icing by Marcus Johansson.
17:36 of 3rd period - Boone Jenner wins face-off versus Connor Dewar in CAROLINA Hurricanes zone.
17:49 of 3rd period - Boone Jenner is hit by Connor Dewar and loses puck.
18:16 of 3rd period - Shot by Cam Atkinson.
18:16 of 3rd period - Stopped by Ilya Samsonov without a rebound.
18:17 of 3rd period - Curtis Lazar wins face-off versus Gabriel Vilardi in CAROLINA Hurricanes zone.
18:30 of 3rd period - Shot by Jack Hughes.
18:30 of 3rd period - Stopped by Kevin Lankinen with a rebound.
18:32 of 3rd period - Shot by Jack Hughes.
18:32 of 3rd period - Shot Misses the Net.
Goals for this period are 1 for MONTREAL Canadiens vs 2 for CAROLINA Hurricanes .
Shots for this period are 9 for MONTREAL Canadiens vs 12 for CAROLINA Hurricanes .